Map: Dusk Towers

Players

Tieron - Winner!

  • Race: Protoss Protoss
  • Spawn Location: 7:00

Fropez

  • Race: Protoss Protoss
  • League: Silver
  • Spawn Location: 1:00

VOD

Have the link to the VOD?

Description

Time

  • Played on: June 20, 2016, 2:59 p.m.
  • Length: 10:54
Show
View Real Time Build Order
Export as new Build Order

Tieron Protoss - Winner!

Build Orders:  

Get SALT Encoding   

  12  0:01  Probe (Chrono Boost)  
  13  0:12  Probe (Chrono Boost)  
  14  0:24  Pylon, Probe (Chrono Boost)  
  15  0:42  Gateway  
  15  0:57  Gateway  
  15  1:01  Pylon  
  16  1:04  Probe (Chrono Boost)  
  16  1:07  Assimilator  
  16  1:16  Probe (Chrono Boost)  
  17  1:26  Probe (Chrono Boost)  
  18  1:41  Probe (Chrono Boost)  
  19  1:51  Probe (Chrono Boost), Cybernetics Core  
  20  1:57  Pylon, Gateway  
  20  2:03  Probe (Chrono Boost)  
  21  2:09  Zealot x2  
  25  2:25  Assimilator  
  25  2:29  Warp Gate (Chrono Boost)  
  25  2:38  Adept x2  
  29  2:47  Adept  
  31  2:56  Probe  
  32  3:11  Adept  
  32  3:12  Adept  
  36  3:26  Probe  
  33  3:38  Probe  
  34  3:44  Adept x2  
  38  4:04  Adept  
  36  4:12  Mothership Core (Chrono Boost)  
  31  4:43  Pylon  
  31  4:46  Stalker x2  
  29  5:15  Stalker x2  
  25  5:44  Stalker x3  
  27  6:08  Probe (Chrono Boost)  
  27  6:09  Stalker x2  
  27  6:10  Stalker  
  32  6:17  Stargate  
  33  6:18  Probe (Chrono Boost)  
  33  6:27  Nexus  
  33  6:31  Gateway  
  33  6:33  Stargate  
  33  6:37  Forge  
  33  6:41  Pylon  
  33  6:44  Probe (Chrono Boost)  
  34  6:54  Probe (Chrono Boost)  
  35  7:01  Pylon  
  35  7:05  Probe (Chrono Boost)  
  36  7:22  Void Ray (Chrono Boost)  
  40  7:24  Protoss Ground Weapons Level 1  
  40  7:33  Stalker  
  42  7:45  Probe  
  43  7:51  Assimilator  
  43  7:56  Probe, Assimilator  
  44  8:06  Void Ray (Chrono Boost)  
  44  8:09  Probe  
  49  8:19  Probe  
  49  8:23  Stalker  
  56  8:43  Void Ray (Chrono Boost)  
  56  8:57  Stalker x2  
  50  9:05  Probe  
  51  9:15  Probe  
  50  9:18  Stalker  
  50  9:20  Probe  
  37  9:32  Probe  
  37  9:41  Probe (Chrono Boost)  
  37  9:44  Probe (Chrono Boost)  
  39  9:57  Probe (Chrono Boost)  
  40  10:02  Probe (Chrono Boost)  
  41  10:12  Probe (Chrono Boost)  
  38  10:37  Stalker x2  
Show
View Real Time Build Order
Export as new Build Order

Fropez Protoss 

Build Orders: Mass Adepts 

Get SALT Encoding   

  12  0:05  Probe (Chrono Boost)  
  13  0:16  Pylon  
  13  0:18  Probe (Chrono Boost)  
  14  0:29  Probe (Chrono Boost)  
  15  0:37  Gateway  
  15  0:40  Probe (Chrono Boost)  
  16  0:50  Probe (Chrono Boost)  
  16  0:55  Assimilator  
  17  1:01  Probe (Chrono Boost)  
  18  1:08  Gateway  
  19  1:11  Probe (Chrono Boost)  
  19  1:22  Probe (Chrono Boost)  
  20  1:30  Cybernetics Core  
  20  1:34  Pylon  
  20  1:37  Probe (Chrono Boost)  
  21  1:43  Pylon  
  21  1:55  Pylon  
  21  2:08  Warp Gate (Chrono Boost)  
  22  2:09  Assimilator  
  22  2:14  Adept  
  24  2:16  Adept  
  25  2:36  Mothership Core (Chrono Boost)  
  27  2:42  Adept  
  29  2:45  Adept  
  31  2:53  Pylon  
  31  2:54  Probe (Chrono Boost)  
  32  3:04  Probe (Chrono Boost)  
  33  3:09  Adept  
  33  3:12  Adept  
  37  3:15  Probe (Chrono Boost)  
  38  3:25  Probe (Chrono Boost)  
  37  3:36  Probe  
  37  3:37  Gateway  
  36  3:41  Gateway  
  36  3:48  Probe  
  37  3:59  Pylon  
  35  4:07  Pylon  
  33  4:18  Probe  
  33  4:30  Probe  
  33  4:31  Adept  
  36  4:32  Adept  
  38  4:42  Twilight Council  
  38  4:43  Gateway  
  38  4:45  Adept x2  
  36  5:09  Zealot x4  
  40  5:33  Resonating Glaives (Chrono Boost)  
  40  5:43  Nexus  
  40  5:44  Probe  
  37  6:09  Pylon  
  37  6:11  Pylon  
  31  6:29  Probe  
  32  6:37  Pylon  
  32  6:39  Pylon  
  32  6:42  Assimilator  
  32  6:46  Assimilator  
  32  6:48  Adept x4, Pylon  
  32  6:52  Pylon  
  40  6:56  Adept  
  42  7:12  Probe  
  42  7:15  Adept  
  45  7:23  Adept x2, Pylon  
  49  7:31  Probe  
  50  7:43  Adept x3  
  56  7:49  Adept  
  56  7:50  Adept  
  60  7:53  Probe  
  60  7:54  Probe  
  62  8:04  Probe  
  62  8:09  Probe  
  64  8:14  Probe  
  65  8:20  Templar Archives  
  65  8:21  Probe  
  65  8:25  Probe  
  67  8:34  Probe  
  49  9:36  Adept x5  
  51  9:43  Gateway  
  51  9:46  Gateway  
  51  9:49  Gateway  
  51  9:59  High Templar x3  
  57  10:00  High Templar x2  
  57  10:04  Nexus  
  57  10:07  Assimilator  
  61  10:11  Assimilator  
  61  10:12  Archon x2  
  61  10:14  Pylon  
  61  10:15  Pylon  
  55  10:35  Adept x3  
Tags
 
Composition
Mass Adepts
League
Silver
Matchup
PvP
Replay Pack
All Mines
Spawn Locations
Cross Positions
Add a new tag
Caveats
  • Supply blocks, unpowered buildings, or Contaminate may cause inaccurate times.
  • Supply counts are checked every 10 seconds.